 Dungeon Crawl Stone Soup version 0.25-a0-364-ge76b031 (webtiles) character file.

Game seed: 689944739088846883, levelgen mode: deterministic

24 Birdy the Poker (level 3, 0/18 HPs)
             Began as a Vine Stalker Gladiator on Jan 4, 2020.
             Slain by an adder (1 damage)
             ... on level 2 of the Dungeon.
             The game lasted 00:02:19 (609 turns).

Birdy the Poker (Vine Stalker Gladiator)             Turns: 609, Time: 00:02:20

Health: 0/18       AC:  4    Str: 16    XL:     3   Next: 2%
Magic:  0/5        EV: 18    Int:  8    God:
Gold:   30         SH:  0    Dex: 21    Spells: 3/3 levels left

rFire    . . .     SeeInvis .   a - +0 trident
rCold    + . .     Gourm    .   (no shield)
rNeg     . . .     Faith    .   b - +0 leather armour
rPois    .         Spirit   +   c - +0 helmet
rElec    .         Reflect  .   (no cloak)
rCorr    .         Harm     .   (no gloves)
MR       .....     Rnd*Tele +   (no boots)
Stlth    +++.......             (no amulet)
HPRegen  0.06/turn              i - ring of protection from cold
MPRegen  0.09/turn              k - ring of teleportation (curse)

@: agile
A: fangs 2, magic shield, antimagic bite, no potion heal 3, rot immunity
a: no special abilities


You were on level 2 of the Dungeon.
You were not hungry.

You visited 1 branch of the dungeon, and saw 2 of its levels.

You collected 30 gold pieces.

Inventory:

Hand Weapons
 a - a +0 trident (weapon)
Missiles
 d - 3 throwing nets (quivered)
 h - 6 atropa-tipped darts
 l - 5 boomerangs
Armour
 b - a +0 leather armour (worn)
 c - a +0 helmet (worn)
Jewellery
 i - a ring of protection from cold (left hand)
 k - a cursed ring of teleportation (right hand)
Potions
 g - a potion of agility
Comestibles
 f - 2 rations


   Skills:
 + Level 2.0 Fighting
 + Level 2.9 Polearms
 - Level 1.7 Throwing
 + Level 0.4 Armour
 + Level 2.6 Dodging
 + Level 1.3 Stealth
 + Level 0.7 Spellcasting


You had 3 spell levels left.
You didn't know any spells.
Your spell library was empty.

Dungeon Overview and Level Annotations

Branches:
Dungeon (2/15)

Altars:


Innate Abilities, Weirdness & Mutations

You have extremely sharp teeth.
When hurt, damage is shared between your health and your magic reserves.
Your bite disrupts and absorbs the magic of your enemies.
Potions cannot restore your health.
You are immune to rotting.


Message History

As you read the scroll labeled NAPLI HIUR, it crumbles to dust.
It is a scroll of identify.
You don't have any unidentified items.
The adder bites you but does no damage. x3
You closely miss the adder. You bite the adder, but do no damage.
The adder is moderately wounded.
The adder closely misses you. The adder bites you.
* * * LOW HITPOINT WARNING * * *
You are lethally poisoned!
The adder poisons you!
Unknown command.
Your system rejects the healing.
You feel better. The adder bites you but does no damage.
The adder barely misses you. The adder completely misses you.
You closely miss the adder. Your bite misses the adder.
The adder is moderately wounded.
The adder bites you.
* * * LOW HITPOINT WARNING * * *
The adder bites you but does no damage. The adder bites you.
You die...

#.# #.# #.#########
#.#.......# #.#)#
#.##########.#.#### #
#.................# #
######.#####.#S##.#
########.#####.#@# ..
...<........##.#.S.....#
########.##.##.#########
# #.##.#...# #
#........# #
.....####...# ######
##.## #.# #.#


You could see 2 adders.

Vanquished Creatures
  A dart slug (D:1)
  A leopard gecko (D:2)
  6 hobgoblins
  4 bats (D:1)
  A frilled lizard (D:1)
  3 goblins
  3 kobolds
  3 rats (D:1)
22 creatures vanquished.

Vanquished Creatures (others)
  4 toadstools (D:1)
4 creatures vanquished.

Grand Total: 26 creatures vanquished

Notes
Turn   | Place    | Note
-------+----------+-------------------------------------------
     0 | D:1      | Birdy the Vine Stalker Gladiator began the quest for the
                  | Orb.
     0 | D:1      | Reached XP level 1. HP: 11/11 MP: 2/2
    42 | D:1      | Reached XP level 2. HP: 11/15 MP: 3/3
   270 | D:1      | Reached skill level 1 in Stealth
   520 | D:2      | Reached XP level 3. HP: 18/18 MP: 5/5
   609 | D:2      | Slain by an adder

Levels and vault maps discovered:
D:1:      ldierk_walled_garden_2, layout_rooms
D:2:      layout_loops_cross, first_ration, uniq_sigmund

Skill      XL: |  1  2 |
---------------+-------+-----
Stealth        | 1 |  1.3
Fighting       | 2 |  2.0
Polearms       | |  2.9
Throwing       | |  1.7
Armour         | |  0.4
Dodging        | |  2.6
Spellcasting   | |  0.7

Action                   || total
-------------------------++-------
Melee: Trident           ||    61
       Bite              ||     8
  Use: Scroll            ||     2
       Potion            ||     3
 Stab: Sleeping          ||     3
Armor: Leather armour    ||    15
Dodge: Dodged            ||    44

Table legend:
 A = Non-vault XP
 B = Vault XP
 C = Vault XP percentage of total XP
 D = Non-vault monster count
 E = Vault monster count
 F = Vault count percentage of total count
                 A         B        C        D         E       F
            +---------+---------+-------+---------+---------+-------
      Total |      35 |       0 |   0.0 |      22 |       0 |   0.0
            +---------+---------+-------+---------+---------+-------
        D:1 |      26 |       0 |   0.0 |      17 |       0 |   0.0
        D:2 |       9 |       0 |   0.0 |       5 |       0 |   0.0
            +---------+---------+-------+---------+---------+-------
